[Event "*** Titled Tuesday Blitz"]
[Site "Chess.com"]
[Date "2018.06.05"]
[Round "1"]
[White "dretch"]
[Black "Tibmat"]
[Result "1-0"]
[WhiteElo "2744"]
[BlackElo "2389"]
[TimeControl "180+2"]
[EndTime "13:09:14 PDT"]
[Termination "dretch won by resignation"]

1. d4 Nf6 2. c4 b6 3. Nc3 Bb7 4. Bg5 e6 5. e3 h6 6. Bh4 Bb4 7. Ne2 O-O 8. a3 Be7 9. Qc2 d5 10. Bxf6 Bxf6 11. cxd5 exd5 12. g3 c5 13. Rd1 c4 14.
Bg2 Na6 15. Nf4 Nc7 16. Qf5 g6 17. Qg4 Bg7 18. O-O Qd6 19. h4 Rad8 20. Rfe1 Rfe8 21. h5 g5 22. Nh3 Bc8 23. Qe2 f5 24. Qc2 b5 25. b3 Be6 26. Ra1 Rb8 27. Reb1 Bf8 28.
b4 Ra8 29. Qd2 Reb8 30. Kf1 Qd7 31. Ng1 Bd6 32. Nf3 Qf7 33. Ne5 Qxh5 34. a4 a6 35. Nc6 Re8 36. axb5 axb5 37. Na7 Qf7 38. Naxb5 Rxa1 39. Nxd6 Rxb1+ 40. Nxb1 Qd7 41. Nxe8 Qxe8 42. Nc3 Qb8 43. Qb2 Qb6 44. b5 Qa5 45. b6 Na6 46. b7 Qc7 47. Nxd5 Bxd5 48. Bxd5+ Kg7 49. Qc3 f4 50.
Qxc4 Qxc4+ 51. Bxc4 Nb8 52. gxf4 gxf4 53. e4 Kf6 54. e5+ Ke7 55. d5 h5 56. d6+ Kd7 57. Bd5 h4 58. Kg2 Kd8 59. Kh3 Ke8 60. Kxh4 Kd8 61.
Kg5 Ke8 62. Kxf4 Kd8 63. Ke3 1-0

[Event "*** Titled Tuesday Blitz"]
[Site "Chess.com"]
[Date "2018.06.05"]
[Round "1"]
[White "Mepetmepe"]
[Black "akashcheck"]
[Result "1/2-1/2"]
[WhiteElo "2461"]
[BlackElo "2150"]
[TimeControl "180+2"]
[EndTime "13:09:14 PDT"]
[Termination "Game drawn - insufficient material"]

1. d4 Nf6 2. c4 g6 3. Nc3 Bg7 4. e4 O-O 5. h3 d6 6. Be3 e5 7.
d5 a5 8. Nf3 Na6 9. g4 c6 10.
Nd2 Nc5 11. Be2 cxd5 12. exd5 b6 13. h4 Ne8 14. h5 f5 15. hxg6 hxg6 16. gxf5 Bxf5 17.
Bxc5 dxc5 18. Nde4 Nd6 19. Bd3 Nxe4 20. Bxe4 Qg5 21.
Qd2 Qg4 22. Qe2 Qf4 23. Rg1 Bh6 24. Bxf5 Rxf5 25. Ne4 Kh7 26. Kd1 Raf8 27. Kc2 Rh5 28. Rg4 Qf5 29. Rag1 Rh2 30. R1g2 Rh1 31. Rxg6 Rc1+ 32.
Kb3 a4+ 33. Ka3 Qxg6 34. Rxg6 Kxg6 35. Qg4+ Kh7 36. Kxa4 Rxc4+ 37. Kb5 Rb4+ 38. Kc6 Rxb2 39. d6 Rxa2 40. d7 Raa8 41. Nd6 c4 42. Qe4+ Kh8 43. Qxe5+ Bg7 44. Qh5+ Kg8 45. Qd5+ Kh7 46. Qxc4 Rad8 47.
Nf7 Rc8+ 48. dxc8=Q Rxc8+ 49. Kb5 Rxc4 50. Kxc4 Kg6 51.
Kb5 Bd4 52. Ne5+ Kf5 53. Nd7 Bxf2 54. Nxb6 Bxb6 1/2-1/2

[Event "*** Titled Tuesday Blitz"]
[Site "Chess.com"]
[Date "2018.06.05"]
[Round "1"]
[White "BartoszSocko"]
[Black "goodtimes2020"]
[Result "1-0"]
[WhiteElo "2606"]
[BlackElo "2287"]
[TimeControl "180+2"]
[EndTime "13:09:16 PDT"]
[Termination "BartoszSocko won by resignation"]

1. d4 e6 2. e4 d5 3. exd5 exd5 4. Bd3 Nc6 5. Ne2 Bd6 6. Nbc3 Nge7 7. Bg5 f6 8. Bh4 O-O 9. Qd2 Nb4 10. O-O-O Nxd3+ 11. Qxd3 Bf5 12. Qd2 c6 13. Bg3 b5 14. Bxd6 Qxd6 15.
f3 a5 16. g4 Bg6 17. h4 a4 18. h5 Bf7 19. Qf4 Qd7 20. Ng3 b4 21. Nce2 b3 22.
cxb3 axb3 23. a3 c5 24. Kb1 c4 25. Nc3 Nc6 26. Rhe1 Rfe8 27. Nf5 Rxe1 28. Rxe1 Re8 29. Re3 g6 30. Nh6+ Kg7 31. Rxe8 Qxe8 32. Nxf7 Kxf7 33. hxg6+ hxg6 34. Nxd5 Qe1+ 35. Qc1 Qe2 36. Nb6 Qd3+ 37. Ka1 Qc2 38. Qf1 c3 39. Na4 cxb2+ 40.
Nxb2 Nxd4 41. f4 Kg7 42. Qd1 Qc5 43. Kb1 Nb5 44. Qxb3 Nxa3+ 45. Ka2 Nb5 46. Nd3 Nc3+ 47. Kb2 Qe3 48. Qxc3 Qe7 49. g5 Kf7 50. Qc4+ Kg7 51. Qd4 Qb7+ 52. Kc3 Qc6+ 53. Kd2 Qg2+ 54. Nf2 Qc6 55.
Qxf6+ Qxf6 56. gxf6+ Kxf6 57. Ne4+ Kf5 58. Ke3 Kg4 59.
Ng5 Kf5 60. Kf3 Kf6 61. Kg4 Kg7 62. Ne4 Kh6 63. Nd6 Kg7 64. Kg5 Kh7 65. Nf7 Kg7 66. Ne5 Kg8 67. Nxg6 Kg7 68. f5 Kf7 69. Ne5+ Ke7 70.
Kg6 Kf8 71. Kf6 Kg8 72. Ke7 Kh7 73. f6 Kg8 74. f7+ Kh7 75. Nc4 Kh6 76. f8=Q+ 1-0

[Event "*** Titled Tuesday Blitz"]
[Site "Chess.com"]
[Date "2018.06.05"]
[Round "1"]
[White "Parhamov"]
[Black "rubhani"]
[Result "1-0"]
[WhiteElo "2827"]
[BlackElo "2418"]
[TimeControl "180+2"]
[EndTime "13:09:18 PDT"]
[Termination "Parhamov won by checkmate"]

1. d4 Nf6 2. c4 e6 3. Nc3 Bb4 4. e3 O-O 5. Bd3 d5 6. Ne2 dxc4 7. Bxc4 c5 8. a3 Bxc3+ 9. bxc3 b6 10.
O-O Ba6 11. Bxa6 Nxa6 12. Qd3 Nb8 13. e4 Nc6 14. Rd1 Qc7 15. Bf4 Qe7 16. dxc5 Rfd8 17. Bd6 Qb7 18. Rab1 Na5 19. e5 Ne4 20. cxb6 axb6 21.
f3 Nxd6 22. exd6 Qc6 23. Ng3 Nc4 24. Ne4 f5 25. Ng5 Rxd6 26. Qe2 Rad8 27. Rd4 Nxa3 28. Nxe6 Re8 29. Rxd6 Qxd6 30. Re1 Qd5 31. h4 Nc4 32. Kh1 h6 33. h5 f4 34. Qe4 Qxh5+ 35.
Kg1 Ne3 36. Nxf4 Rxe4 37. Nxh5 Re5 38. Nf4 Nc4 39. Rd1 Re3 40. Rd8+ Kf7 41. Rd7+ Kf8 42. Nd5 Rd3 43. Nxb6 Rxc3 44. Rc7 Rc1+ 45. Kh2 Nxb6 46.
Rxc1 Nd5 47. Rc5 Nf6 48. Kg3 Kf7 49. Kf4 Kg6 50. Rc6 Kf7 51. Kf5 Ng8 52. Rc7+ Ne7+ 53. Ke5 Kf8 54. Ke6 Ng6 55. Rc8# 1-0

[Event "*** Titled Tuesday Blitz"]
[Site "Chess.com"]
[Date "2018.06.05"]
[Round "1"]
[White "jlandaw"]
[Black "SantoBlue"]
[Result "0-1"]
[WhiteElo "2406"]
[BlackElo "2790"]
[TimeControl "180+2"]
[EndTime "13:09:18 PDT"]
[Termination "SantoBlue won by resignation"]

1. e4 e5 2. Nf3 Nc6 3. Bb5 a6 4. Ba4 Nf6 5. O-O Be7 6. Re1 b5 7. Bb3 O-O 8. h3 Bb7 9. a4 b4 10. d4 d6 11. c3 Rb8 12. d5 Na5 13. cxb4 Nxb3 14. Qxb3 c6 15. Nc3 cxd5 16. exd5 Re8 17. Be3 Ba8 18. a5 Qd7 19. Red1 h6 20. Na4 Qb5 21. Nb6 Bd8 22. Nxa8 Rxa8 23. Ne1 Rb8 24. Nc2 Bxa5 25. Ra4 Bd8 26. Na3 Qb7 27. Nc4 Bc7 28.
Na5 Bxa5 29. Rxa5 Red8 30. Rc1 Qxb4 31. Qxb4 Rxb4 32. Rxa6 Nxd5 33. Rcc6 Rxb2 34. Rxd6 Rxd6 35. Rxd6 Rb1+ 36. Kh2 Nxe3 37. fxe3 Re1 38. Rd3 f5 39.
Kg3 Kf7 40. Kf2 Rc1 41. Rd2 Rc6 42. Ra2 Kf6 43. Ke2 Rc4 44. Kf2 Kg5 45. Rb2 h5 46.
Ra2 h4 47. Rb2 g6 48. Ra2 Rc6 49. Rb2 Kf6 50. Ra2 e4 51. Rb2 Ke5 52. Rb5+ Kd6 53. Rb2 Kd5 54. Rb5+ Kc4 55. Rb2 Kd3 56. Rb3+ Rc3 57.
Rb6 Rc2+ 58. Kg1 Kxe3 59. Rxg6 Rc1+ 60. Kh2 Kf2 61. Rf6 Rc5 62. Rh6 e3 0-1

[Event "*** Titled Tuesday Blitz"]
[Site "Chess.com"]
[Date "2018.06.05"]
[Round "1"]
[White "Kubas1010"]
[Black "Buffy7"]
[Result "0-1"]
[WhiteElo "2382"]
[BlackElo "2730"]
[TimeControl "180+2"]
[EndTime "13:09:20 PDT"]
[Termination "Buffy7 won by resignation"]

1. d4 Nf6 2. c4 e6 3. g3 d5 4. Nf3 Bb4+ 5. Bd2 Be7 6. Bg2 O-O 7. O-O c6 8. Qc2 Ne4 9. Bc1 Nd7 10. Nfd2 f5 11. Nxe4 fxe4 12. Nc3 Nf6 13. c5 e5 14.
dxe5 Ng4 15. Bf4 g5 16. Bd2 Nxe5 17. b4 Bf5 18. Qb3 Kh8 19. Be3 Bf6 20. Bd4 Ng4 21.
Rad1 Bxd4 22. Rxd4 Qf6 23. Qd1 Qh6 24. h3 Ne5 25. f4 exf3 26. exf3 Bxh3 27. f4 g4 28.
Bxh3 Qxh3 29. Qe1 Ng6 30. f5 Rae8 31. Qf2 Ne5 32. Rf4 Nf3+ 33. Rxf3 gxf3 34. Qxf3 Qh6 35. Ne2 Qe3+ 36. Qxe3 Rxe3 37. Rf2 h5 38. Kg2 Kh7 39.
Nd4 Rf6 40. Ne6 Re5 41. Nd4 Re4 42. Rd2 Kh6 43. Kf3 Kg5 44. a3 a6 45. Rd3 Re1 46.
Kg2 Re4 47. Kf3 Rf8 48. Kg2 Rfe8 49. Kf2 Kf6 50. Kg2 Ke5 51. Nf3+ Kxf5 52. Nh4+ Ke6 53. Nf3 Kd7 54. Ng5 Re3 55. Kh3 Rxd3 0-1

[Event "*** Titled Tuesday Blitz"]
[Site "Chess.com"]
[Date "2018.06.05"]
[Round "1"]
[White "Shaman91"]
[Black "ama18"]
[Result "1-0"]
[WhiteElo "2563"]
[BlackElo "2249"]
[TimeControl "180+2"]
[EndTime "13:09:21 PDT"]
[Termination "Shaman91 won by resignation"]

1. e4 e6 2. Nc3 d5 3. d4 Nf6 4. e5 Nfd7 5. Nce2 c5 6. c3 Nc6 7. Nf3 a6 8. h4 b5 9. Nf4 h5 10.
Ng5 cxd4 11. cxd4 Bb4+ 12. Bd2 Qa5 13. Nf3 Bb7 14. Bd3 Qb6 15. Bxb4 Nxb4 16. O-O O-O-O 17. Be2 Kb8 18. Qd2 Nc6 19. Rfd1 Rde8 20. Ng5 Nd8 21. g3 f6 22. Nf3 fxe5 23. dxe5 Nc6 24. Ng5 Ncxe5 25.
Nxh5 Nf6 26. Qf4 Qd6 27. Nxf6 gxf6 28. Ne4 Qc7 29. Nxf6 Rd8 30. Rac1 Nc6 31. Qe3 Rhf8 32. Ng4 e5 33. Bf3 e4 34. Bg2 Qe7 35. Qg5 Qe6 36. Bh3 Rg8 37. Qf4+ Ka8 38. Kg2 Rdf8 39. Qh6 Rg6 40. Qh5 Qe8 41. Rxd5 Ne7 42. Ne3 Nxd5 43. Nxd5 Rg7 44. Qxe8+ Rxe8 45. Nc7+ Rxc7 46. Rxc7 e3+ 47. Kf1 e2+ 48. Ke1 Bf3 49. Rc8+ Rxc8 50. Bxc8 Kb8 51.
Bf5 Kc7 52. Bd3 Bd5 53. a3 Kb6 54. Bxe2 Kc5 55. h5 Be4 56. g4 a5 57. g5 b4 58.
axb4+ Kxb4 59. Kd2 Kb3 60. Kc1 1-0

[Event "*** Titled Tuesday Blitz"]
[Site "Chess.com"]
[Date "2018.06.05"]
[Round "1"]
[White "51616516516"]
[Black "Margency"]
[Result "1/2-1/2"]
[WhiteElo "2283"]
[BlackElo "2579"]
[TimeControl "180+2"]
[EndTime "13:09:24 PDT"]
[Termination "Game drawn by repetition"]

1. d4 Nf6 2. c4 g6 3. Nf3 Bg7 4.
g3 d5 5. cxd5 Nxd5 6. Bg2 Nb6 7.
O-O Nc6 8. Nc3 O-O 9. d5 Na5 10. Qc2 c6 11. dxc6 Nxc6 12. Bf4 Bf5 13. e4 Bg4 14. Rad1 Qc8 15. Nb5 e5 16. Be3 Rd8 17.
Rc1 Bxf3 18. Bxf3 Nd4 19. Bxd4 exd4 20. Qxc8 Nxc8 21. Rfd1 a6 22. Nc7 Rb8 23. Nd5 Nd6 24. a4 Kf8 25. Nb6 f5 26. exf5 Nxf5 27. Rd3 Rd6 28. a5 Bf6 29. Rc7 Kg8 30. Rxb7 Rxb7 31. Bxb7 Bd8 32. Bxa6 Bxb6 33. Bc4+ Kg7 34. axb6 Rxb6 35.
b3 Kf6 36. Kg2 Rd6 37. g4 Nh4+ 38. Kg3 g5 39. f4 h6 40. f5 Ke5 41. Rd1 Rb6 42.
Re1+ Kf6 43. Re6+ Rxe6 44. Bxe6 d3 45. Bc4 d2 46. Be2 Ke5 47. b4 Kd4 48. b5 Kc5 49. h3 d1=Q 50. Bxd1 Kxb5 51. Bc2 Kc5 52. Be4 Kd6 53.
Kf2 Ke5 54. Ke3 h5 55. Bb7 hxg4 56. hxg4 Nxf5+ 57. gxf5 Kxf5 58. Kf2 Kf4 59. Kg2 g4 60.
Bc8 g3 61. Bb7 Kg4 62. Ba8 Kh4 63. Bb7 Kg4 64. Ba8 Kh4 65. Bb7 Kg4 66. Ba8 Kh4 67. Bb7 Kg4 68. Ba8 Kh4 69. Bb7 Kg4 1/2-1/2

[Event "*** Titled Tuesday Blitz"]
[Site "Chess.com"]
[Date "2018.06.05"]
[Round "1"]
[White "FMJoseHerrera"]
[Black "blitzcopter"]
[Result "1-0"]
[WhiteElo "2462"]
[BlackElo "2074"]
[TimeControl "180+2"]
[EndTime "13:09:24 PDT"]
[Termination "FMJoseHerrera won by resignation"]

1. Nf3 Nf6 2. g3 b6 3. Bg2 Bb7 4. O-O e6 5. d3 c5 6. c3 d6 7. a3 Be7 8. b4 Qc7 9. Nbd2 O-O 10.
Bb2 a6 11. Rc1 Nbd7 12. Qb3 Rac8 13. Qa2 Qb8 14. e4 Qa8 15. a4 Rfd8 16. Rfe1 Nf8 17. Nc4 Qa7 18. e5 dxe5 19. Ncxe5 cxb4 20. Nxf7 Kxf7 21. Ng5+ Kg8 22. Nxe6 Bd5 23. Bxd5 Rxd5 24. Nf4 Rd8 25. Nxd5 Nxd5 26. Re5 Qd7 27. d4 Kh8 28. c4 Nc3 29. Bxc3 bxc3 30. d5 Bf6 31. Re2 Rc8 32.
Qb3 Qd6 33. Re4 Nd7 34. Rce1 g6 35. Re6 Qf8 36. Qc2 Bd4 37. Kg2 Nc5 38. Rxb6 Nxa4 39.
Rxa6 Nc5 40. Ra2 Re8 41. Qd1 Bg7 42. Rae2 Rxe2 43. Rxe2 h6 44. d6 Qf5 45. h3 Ne4 46. d7 Bf6 47. d8=Q+ Bxd8 48. Qxd8+ Kg7 49. Qe7+ 1-0

[Event "*** Titled Tuesday Blitz"]
[Site "Chess.com"]
[Date "2018.06.05"]
[Round "1"]
[White "Blitzstream"]
[Black "tan275"]
[Result "1-0"]
[WhiteElo "2440"]
[BlackElo "2013"]
[TimeControl "180+2"]
[EndTime "13:09:24 PDT"]
[Termination "Blitzstream won by checkmate"]

1. g3 d5 2. Bg2 Nf6 3. b3 e6 4.
Bb2 Be7 5. d3 O-O 6. Nd2 c5 7. e3 Nc6 8. Ne2 Nd7 9. h3 Bf6 10.
Bxf6 Nxf6 11. O-O Bd7 12. a3 b5 13. f4 Rc8 14. Nf3 Qb6 15. Kh2 a5 16. g4 Ne8 17.
Ng3 Nd6 18. Nh5 c4 19. Qe1 Qd8 20. g5 Ne7 21. e4 cxd3 22. cxd3 dxe4 23. dxe4 Bc6 24.
Ne5 Bb7 25. Rd1 Qc7 26. Ng4 Ne8 27. Qg3 Ng6 28. f5 Qxg3+ 29. Nxg3 exf5 30. exf5 Bxg2 31. Kxg2 Nh4+ 32. Kh1 Rc3 33. Ne4 Rxh3+ 34. Kg1 Nc7 35. Rd7 Na6 36. Rfd1 Nc5 37. Nxc5 Rg3+ 38. Kf2 Rxg4 39.
Rd8 Rg2+ 40. Ke3 Nxf5+ 41. Kf4 g6 42. Ne4 Ne7 43. Nf6+ Kg7 44. Rxf8 Nd5+ 45. Rxd5 Kxf8 46. Re5 Rf2+ 47. Kg3 Rd2 48. Re8+ Kg7 49. Rg8# 1-0

[Event "*** Titled Tuesday Blitz"]
[Site "Chess.com"]
[Date "2018.06.05"]
[Round "1"]
[White "pedromartinez91"]
[Black "Gvalch"]
[Result "1-0"]
[WhiteElo "2317"]
[BlackElo "2609"]
[TimeControl "180+2"]
[EndTime "13:09:25 PDT"]
[Termination "pedromartinez91 won by resignation"]

1. d4 d5 2. c4 c6 3. Nf3 Nf6 4. cxd5 cxd5 5. Nc3 Nc6 6. Bf4 a6 7. e3 Bg4 8. Bd3 e6 9. h3 Bxf3 10. Qxf3 Be7 11. Rc1 Rc8 12. O-O O-O 13. Rfd1 b5 14. Bb1 Na5 15. Qe2 Nc4 16. Be5 Nd7 17. Qc2 f5 18. Bf4 Qa5 19. b3 Na3 20. Qb2 Bb4 21. Ne2 Nxb1 22. Qxb1 Ba3 23. Rxc8 Rxc8 24. Qd3 Nf6 25. f3 Bb4 26. Qb1 Ba3 27. Kf2 Qb6 28. Rd2 Qc6 29. g4 Bb4 30. Rd1 Ba3 31. gxf5 exf5 32. Qxf5 Rf8 33. Qd3 Bd6 34. Rg1 Qd7 35.
Be5 Ne4+ 36. Ke1 Bb4+ 37. Kd1 Nf2+ 38. Kc2 Nxd3 39. Rxg7+ Qxg7 40. Bxg7 Kxg7 41. Kxd3 Rxf3 42. Nf4 Rg3 43. Nh5+ Kg6 44. Nxg3 Bd6 45. Ne2 Kg5 46. Nc3 Kh4 47. Nxd5 Kxh3 48. e4 Kg2 49. e5 Bf8 50. Nf6 h6 51. d5 Be7 52. d6 Bd8 53. Ke4 Kg3 54. Kf5 Kf3 55. e6 1-0

[Event "*** Titled Tuesday Blitz"]
[Site "Chess.com"]
[Date "2018.06.05"]
[Round "1"]
[White "Vusatiuk_Vladimir"]
[Black "cassoulet"]
[Result "1/2-1/2"]
[WhiteElo "2178"]
[BlackElo "2472"]
[TimeControl "180+2"]
[EndTime "13:09:29 PDT"]
[Termination "Game drawn by repetition"]

1. e4 c5 2. Nc3 Nc6 3. f4 g6 4. Nf3 Bg7 5. Bb5 d6 6. Bxc6+ bxc6 7. d3 Nf6 8. O-O O-O 9. Qe1 Rb8 10. Qh4 e6 11. e5 Nd5 12. Qxd8 Rxd8 13. Ne4 dxe5 14. fxe5 Nb4 15. Rf2 c4 16. a3 Nd5 17. dxc4 Ne7 18.
Bg5 Rd7 19. Nc5 Rc7 20. b4 h6 21. Bxe7 Rxe7 22. Rd1 Re8 23. Ne4 Ba6 24. Nd6 Re7 25.
c3 Rd7 26. Rfd2 Rbd8 27. b5 cxb5 28. cxb5 Bc8 29. c4 Rc7 30. a4 Bf8 31. Rd4 Rc5 32.
Ne4 Rxd4 33. Rxd4 Rc7 34. Kf1 Bb7 35. Nfd2 Bg7 36. Rd8+ Kh7 37. c5 Bd5 38. c6 Bxe5 39. Nd6 Bxh2 40. Ne8 Re7 41. Nf6+ Kg7 42. Nxd5 exd5 43.
Rxd5 Bg3 44. Nf3 g5 45. Rd7 Re4 46. c7 Rc4 47. a5 Bxc7 48. b6 axb6 49. a6 Bg3 50. a7 Ra4 51. Nd4 Be5 52. Nc6 Bg3 53. Rd8 Re4 54. Rd1 Ra4 55. Rd8 Re4 56. Rd1 Ra4 57. Rd8 Re4 58. Rd1 Ra4 59. Rd8 Re4 60.
Rd1 Ra4 1/2-1/2

[Event "*** Titled Tuesday Blitz"]
[Site "Chess.com"]
[Date "2018.06.05"]
[Round "1"]
[White "Galileo22"]
[Black "jacky72"]
[Result "0-1"]
[WhiteElo "2324"]
[BlackElo "2639"]
[TimeControl "180+2"]
[EndTime "13:09:30 PDT"]
[Termination "jacky72 won by checkmate"]

1. e4 e5 2. Nf3 Nc6 3. Bc4 Bc5 4.
c3 Nf6 5. d3 d6 6. O-O a6 7. a4 h6 8. b4 Ba7 9. Nbd2 g5 10. Kh1 g4 11. Ne1 Be6 12. Bxe6 fxe6 13. b5 Na5 14. Nb3 Nxb3 15. Qxb3 Qe7 16. Be3 Bxe3 17. fxe3 O-O 18. Qd1 axb5 19. axb5 Rxa1 20. Qxa1 Nxe4 21. Nc2 Nxc3 22. b6 cxb6 23. e4 Ne2 24. Qe1 Nf4 25. Qg3 h5 26. h3 Ne2 27. Rxf8+ Qxf8 28. Qe1 Nf4 29. Qe3 gxh3 30. gxh3 Qg7 31. Ne1 h4 32. Qxb6 Qg3 33. Qd8+ Kf7 34. Qd7+ Kf6 35. Qd8+ Kg7 36. Qe7+ Kh6 37. Qf6+ Ng6 38. Qf1 Nf4 39. Nf3 Nxh3 40. Qg2 Nf2+ 41. Kg1 Qxg2+ 42. Kxg2 Nxd3 43. Nxh4 b5 44. Nf3 b4 45. Nd2 Nc5 46. Kf3 Kg5 47. Ke3 b3 48. Nc4 Na4 49.
Kd3 Nc5+ 50. Ke3 Nb7 51. Kd3 Kf4 52. Nd2 b2 53. Kc2 Nc5 54. Kxb2 Nxe4 55. Nc4 d5 56. Na3 Nd6 57. Kc3 Ke3 58. Nc2+ Ke2 59. Kb4 Ne4 60. Kb5 d4 61. Nb4 d3 62. Nxd3 Nd6+ 63. Kc6 Kxd3 64.
Kxd6 e4 65. Kxe6 e3 66. Kd5 e2 67. Kc5 e1=Q 68. Kb5 Qh1 69. Kc5 Qh8 70. Kd5 Qa8+ 71. Kc5 Qa1 72. Kd5 Qa5+ 73. Ke6 Ke4 74. Kd6 Qb6+ 75. Ke7 Ke5 76. Kf7 Qh6 77. Ke8 Qg7 78.
Kd8 Kd6 79. Ke8 Qg8# 0-1

[Event "*** Titled Tuesday Blitz"]
[Site "Chess.com"]
[Date "2018.06.05"]
[Round "1"]
[White "Raja3401"]
[Black "Korchmar_Vasiliy"]
[Result "0-1"]
[WhiteElo "2367"]
[BlackElo "2707"]
[TimeControl "180+2"]
[EndTime "13:09:37 PDT"]
[Termination "Korchmar_Vasiliy won by resignation"]

1. e4 c5 2. Nf3 d6 3. d4 cxd4 4. Nxd4 Nf6 5. Nc3 Nc6 6. Bg5 e6 7. Qd2 a6 8. O-O-O h6 9. Be3 Be7 10. f3 Nxd4 11. Bxd4 b5 12. a3 O-O 13. g4 e5 14. Be3 Be6 15. h4 Rb8 16. g5 Nh5 17. gxh6 g6 18. Nd5 Bxd5 19. Qxd5 b4 20. a4 b3 21.
cxb3 Kh7 22. Kb1 Nf6 23. Qc4 a5 24. h5 Nxh5 25. Qd5 Nf4 26. Bxf4 exf4 27. Bc4 Qb6 28. Rh2 Qe3 29. Qd3 Qc5 30. Qd5 Qe3 31. Qd3 Qb6 32.
Rg2 Bf6 33. Qxd6 Rfd8 34. Qxb6 Rxd1+ 35. Kc2 Rxb6 36. Kxd1 Rb7 37. Bd5 Rc7 38. Rc2 Ra7 39.
Rc6 Bxb2 40. Kc2 Be5 41. Kd3 Kxh6 42. Kc4 Kh5 43. b4 axb4 44. Kxb4 Kh4 45. a5 Kg3 46. a6 Kxf3 47. Kb5 Ke2 48. Rc1 f3 49. Bc4+ Kd2 50.
Rf1 Ke3 51. Bd5 f2 52. Bc4 g5 53. Kb6 Bd4+ 54. Kc6 g4 55. Rb1 g3 56. Bf1 Kf3 57.
Rb3+ Be3 58. Kd5 g2 0-1

[Event "*** Titled Tuesday Blitz"]
[Site "Chess.com"]
[Date "2018.06.05"]
[Round "1"]
[White "Ehsan_GhaemMaghami"]
[Black "Hollywood_Chess"]
[Result "1-0"]
[WhiteElo "2547"]
[BlackElo "2223"]
[TimeControl "180+2"]
[EndTime "13:09:40 PDT"]
[Termination "Ehsan_GhaemMaghami won by checkmate"]

1. Nf3 c5 2. c4 g6 3. d4 cxd4 4. Nxd4 Nc6 5. e4 Nf6 6. Nc3 d6 7. Be2 Nxd4 8. Qxd4 Bg7 9. Be3 O-O 10. Qd2 Be6 11. O-O Qa5 12. Rfd1 Rfc8 13. b3 a6 14. Rac1 b5 15. Nd5 Qxd2 16. Bxd2 Bxd5 17. exd5 bxc4 18. Bxc4 Ne4 19. Be1 Kf8 20. Bxa6 Rcb8 21. Bd3 Nc5 22. Bb1 Ra6 23. g3 Bh6 24. Rc4 Rab6 25. Kg2 Bg7 26. Bd2 f5 27. Be3 Rb5 28. Rdc1 Bb2 29. R1c2 Ba3 30. Re2 R8b7 31. Rh4 Kg8 32. g4 fxg4 33. Rxg4 Nd7 34. Bd3 Ne5 35. Bxb5 Nxg4 36. Bc6 Nxe3+ 37.
Rxe3 Ra7 38. Re4 Kg7 39. Kf3 Bc5 40. b4 Bb6 41. a4 Bd8 42. a5 Kf6 43. Re6+ Kf7 44.
Ke3 Bxa5 45. bxa5 Rxa5 46. Kf3 Ra3+ 47. Re3 Ra2 48. h3 Ra1 49. Kg2 Ra2 50. Rf3+ Kg7 51. Bd7 Ra7 52. Be6 Kh6 53. Kg3 g5 54. h4 gxh4+ 55.
Kxh4 Ra4+ 56. Kg3 Ra7 57. Rf7 Kg6 58. f4 h6 59. Kh4 Ra4 60. Kg4 h5+ 61. Kg3 h4+ 62.
Kxh4 Ra7 63. Kg4 Rc7 64. f5+ Kh6 65. Kf4 Kh5 66. Rh7# 1-0

[Event "*** Titled Tuesday Blitz"]
[Site "Chess.com"]
[Date "2018.06.05"]
[Round "1"]
[White "Muguet7"]
[Black "Arystanner23"]
[Result "1/2-1/2"]
[WhiteElo "2319"]
[BlackElo "2621"]
[TimeControl "180+2"]
[EndTime "13:09:45 PDT"]
[Termination "Game drawn - insufficient material"]

1. d4 Nf6 2. c4 e6 3. Nf3 d5 4. g3 dxc4 5. Bg2 Bd7 6. O-O Bc6 7. a4 a6 8. Qc2 b5 9. Rd1 Nbd7 10. Ne5 Bxg2 11. Kxg2 Qc8 12. axb5 axb5 13. Rxa8 Qxa8+ 14. f3 Bd6 15. Nxd7 Nxd7 16. Nc3 Qb7 17. d5 O-O 18.
dxe6 fxe6 19. Ne4 Nf6 20. Nxd6 cxd6 21. Rxd6 e5 22. e4 Qf7 23. Qe2 h6 24. Bd2 Qc7 25. Bb4 Rd8 26. Qd2 Rd7 27. Kf2 Kf7 28. Ke2 Qa7 29. f4 Rxd6 30. Qxd6 Qg1 31. Qf8+ Kg6 32.
f5+ Kh7 33. Qe7 Qxh2+ 34. Kd1 Qh1+ 35. Kd2 Nxe4+ 36. Ke3 Nxg3 37. Qxe5 Qg1+ 38. Kd2 Qf2+ 39. Kc1 Nxf5 40. Qxb5 Ne3 41. Kb1 Qc2+ 42. Ka2 Qb3+ 43.
Kb1 c3 44. Qd3+ Kh8 45. Bxc3 Qd1+ 46. Qxd1 Nxd1 47. Bd4 h5 48. b4 h4 49. Kc2 h3 50.
Bg1 Ne3+ 51. Kd3 Nd5 52. b5 Kh7 53. Ke4 Nc3+ 54. Kf4 Nxb5 55. Kg3 Nc3 56. Kxh3 Kg6 57. Bd4 Ne2 58. Bxg7 Kxg7 1/2-1/2

[Event "*** Titled Tuesday Blitz"]
[Site "Chess.com"]
[Date "2018.06.05"]
[Round "1"]
[White "lupta_robin"]
[Black "Paralinch"]
[Result "0-1"]
[WhiteElo "2415"]
[BlackElo "2824"]
[TimeControl "180+2"]
[EndTime "13:09:47 PDT"]
[Termination "Paralinch won by resignation"]

1. e4 c6 2. d4 d5 3. Nc3 dxe4 4. Nxe4 Bf5 5. Ng3 Bg6 6. h4 h6 7.
Nf3 Nd7 8. h5 Bh7 9. Bd3 Bxd3 10. Qxd3 e6 11. Bf4 Qa5+ 12. Bd2 Bb4 13. c3 Be7 14. c4 Qc7 15. Ne4 Ngf6 16. O-O-O b5 17. c5 Nxe4 18. Qxe4 Nf6 19. Qe2 Qd7 20. Kb1 Qd5 21. Be3 a5 22. Ne5 Bxc5 23. Nxf7 Kxf7 24. dxc5 Qf5+ 25. Qd3 Rhd8 26. Qxf5 exf5 27.
Rxd8 Rxd8 28. Kc2 Rd5 29. f3 f4 30. Bxf4 Rxc5+ 31. Kb3 Rxh5 32. Rxh5 Nxh5 33. Bd2 a4+ 34. Kb4 Ke6 35. Kc5 Kd7 36. g4 Nf6 37. Bc3 Ne8 38. Be5 Nc7 39. f4 Ne6+ 40. Kb6 g6 41. f5 gxf5 42.
gxf5 Ng5 43. Bf4 Nf7 44. Kc5 h5 45. Bg3 Ng5 46. Bf4 Nf3 47. f6 Ke6 48. f7 Kxf7 49. Kxc6 Nd4+ 50. Kd5 Ne2 51. Bh2 Kf6 52. Kc5 Kf5 53.
Kxb5 Nd4+ 54. Kxa4 Nf3 55. Bd6 h4 56. b4 Ne5 57. b5 h3 58. Bxe5 Kxe5 59. b6 Kd6 60. Kb5 h2 61. Ka6 h1=Q 62. b7 Kc7 0-1

[Event "*** Titled Tuesday Blitz"]
[Site "Chess.com"]
[Date "2018.06.05"]
[Round "1"]
[White "vugarrasulov"]
[Black "cukus"]
[Result "1-0"]
[WhiteElo "2724"]
[BlackElo "2375"]
[TimeControl "180+2"]
[EndTime "13:09:47 PDT"]
[Termination "vugarrasulov won on time"]

1. e4 c5 2. Nf3 d6 3. d4 cxd4 4. Nxd4 Nf6 5. Nc3 Nc6 6. Bc4 e6 7. Bb3 a6 8. Be3 Be7 9. Qe2 O-O 10. O-O-O Qc7 11. Rhg1 b5 12. a3 Rb8 13. g4 Nd7 14. f4 Nxd4 15. Bxd4 Nc5 16. Bd5 a5 17. Bxc5 Qxc5 18. Bb3 b4 19. axb4 axb4 20. Na2 Qa5 21. f5 Bd7 22. g5 Rfe8 23. g6 fxg6 24. Kb1 Bf6 25. Rxd6 Qe5 26. c3 Qxd6 27. Rd1 Qc7 28. cxb4 Kh8 29. fxg6 h6 30. e5 Bb5 31. Qe3 Qxe5 32. Qxe5 Bxe5 33. Nc3 Bxc3 34. bxc3 e5 35. Kb2 e4 36. c4 Bc6 37. Kc3 e3 38. Re1 e2 39. b5 Bd7 40. Bc2 Re3+ 41. Kd4 Re7 42. Bd3 Rd8 43. Kc3 Bg4 44. Bxe2 Bxe2 45. Kb4 Re4 46.
Ka5 Ra8+ 47. Kb6 Rb8+ 48. Ka7 Rc8 49. b6 Rexc4 50. Rxe2 1-0

[Event "*** Titled Tuesday Blitz"]
[Site "Chess.com"]
[Date "2018.06.05"]
[Round "1"]
[White "TheCount"]
[Black "MishkaFighter"]
[Result "1-0"]
[WhiteElo "2523"]
[BlackElo "2119"]
[TimeControl "180+2"]
[EndTime "13:09:55 PDT"]
[Termination "TheCount won by checkmate"]

1. b3 e5 2. Bb2 Nc6 3. Nf3 e4 4. Nd4 d5 5. e3 Nf6 6. c4 Nxd4 7. Bxd4 c5 8. Bxf6 Qxf6 9. Nc3 d4 10. Nxe4 Qe5 11.
Ng3 h5 12. h4 Be6 13. f4 Qc7 14. Nxh5 O-O-O 15. Qf3 dxe3 16. dxe3 Qa5+ 17. Kf2 g6 18. Ng3 Bg7 19. Rb1 Qxa2+ 20. Be2 Rxh4 21. Rhd1 Rxd1 22. Rxd1 Qxb3 23. Ne4 Qb6 24. Nd6+ Kb8 25. Qg3 Rh7 26. f5 gxf5 27. Nxf7+ Qc7 28. Rd8+ Bc8 29. Nd6 Rh8 30. Rxh8 Bxh8 31. Qg6 Be5 32. Nxf5 a5 33. Bd1 Qd7 34. Bg4 Qd2+ 35. Kf3 Bc7 36. Qg8 Qd1+ 37. Ke4 Qc2+ 38. Kf3 Qd1+ 39. Ke4 Qc2+ 40. Kd5 Qd3+ 41.
Nd4 cxd4 42. Qxc8+ Ka7 43. Qxc7 dxe3+ 44. Kc5 Qa3+ 45.
Kd4 Qc1 46. Qxa5+ Kb8 47. Qe5+ Ka7 48. Qxe3 Qb2+ 49. Kd5+ Ka6 50. Be2 Ka5 51. Qc5+ Ka4 52. Qb5+ Qxb5+ 53. cxb5 Ka5 54. g4 b6 55. g5 Kb4 56. g6 Ka5 57. g7 Kb4 58. g8=Q Ka5 59. Qa8+ Kb4 60. Qa6 Kc3 61. Qxb6 Kd2 62. Qd4+ Ke1 63.
Bg4 Kf1 64. Qd2 Kg1 65. Bf3 Kf1 66. Qe2+ Kg1 67. Qg2# 1-0